Thunder vs Little Stars
(R1)
Created - 2 février 2014 at 22:51
Goals
|
| Thunder |
2 |
2 |
0 |
0 |
4 |
| Little Stars |
3 |
1 |
0 |
1 |
5 |
|
Shots
|
| Thunder |
6 |
21 |
6 |
0 |
33 |
| Little Stars |
16 |
11 |
13 |
1 |
41 |
|
1st period
1. Little Stars , Pierre Dagenais 25 (Darren Helm, Matt Pelech) at 4:32
2. Little Stars , Pierre Dagenais 26 (Boris Valabik) at 7:09
3. Thunder , Dany Roussin 13 (Joey Crabb) at 13:15
4. Little Stars , Pierre Dagenais 27 (Darren Helm) at 14:00
5. Thunder , Daniel Winnik 18 (Jeff Finger, Derek Peltier) at 17:23
Penalties :
Jared Spurgeon (Tex) for Roughing (Minor) at 0:29, Robin Leblanc (TRO) for Hooking (Minor) at 8:20, Alexei Semenov (TRO) for Hooking (Minor) at 14:05
2nd period
6. Little Stars , Darren Helm 12 (Pierre Dagenais) at 14:32
7. Thunder , Matt D'Agostini 20 (Samuel Pahlsson, Jason Blake) at 16:22 (PP)
8. Thunder , Matt D'Agostini 21 (Doug Janik, Alexei Semenov) at 17:14 (PP)
Penalties :
Brandon Mashinter (TRO) for Holding (Minor) at 4:55, Jared Spurgeon (Tex) for Hooking (Minor) at 9:06, Boris Valabik (Tex) for Slashing (Double Minor) at 14:54
3rd period
No Goal
Penalties :
Samuel Pahlsson (TRO) for Hooking (Minor) at 6:44, Shawn Thornton (Tex) for Holding (Minor) at 10:26, Robin Leblanc (TRO) for Hooking (Minor) at 13:35, Daniel Winnik (TRO) for Hooking (Minor) at 18:53
Overtime #1
9. Little Stars , Shawn Thornton 5 (Oskar Osala) at 3:59
Penalties :
No Penalty
Goalie Stats
Barry Brust (TRO), 36 saves from 41 shots - (0,878), OTL, 21-11-2, 63:59 minutes
Justin Pogge (Tex), 29 saves from 33 shots - (0,879), W, 7-8-1, 63:59 minutes
Players Stats for Thunder
Player Name G A P +/- PIM S H SB GA TA FO MP PP MP PK MP
------------------------------------------------------------------------------------
Alexei Semenov 0 1 1 -2 2 0 2 2 0 1 0/0 28:52 4:59 6:04
Brandon Mashinter 0 0 0 0 2 1 2 1 0 0 5/9 11:32 0:00 0:27
Brett Festerling 0 0 0 0 0 0 1 0 0 0 0/0 12:25 0:00 1:12
Daniel Winnik 1 0 1 1 2 2 2 0 1 1 2/4 16:03 2:29 2:05
Dany Roussin 1 0 1 -1 0 5 3 0 1 0 0/0 19:39 3:54 5:28
Daultan Leveillé 0 0 0 1 0 0 0 0 0 1 2/4 7:39 0:00 1:39
Derek Peltier 0 1 1 -1 0 2 0 1 0 0 0/0 22:48 3:18 4:38
Doug Janik 0 1 1 -2 0 3 1 1 0 1 0/0 30:10 4:59 7:16
Jannik Hansen 0 0 0 1 0 0 0 0 0 0 1/2 10:02 0:03 2:57
Jason Blake 0 1 1 -2 0 2 2 0 3 0 1/1 22:29 4:20 3:55
Jeff Finger 0 1 1 -1 0 1 1 2 0 1 0/0 22:48 3:18 4:38
Jerred Smithson 0 0 0 -1 0 0 0 0 0 0 6/8 6:47 0:57 1:27
Joey Crabb 0 1 1 -1 0 2 0 0 0 0 0/0 14:26 3:54 0:00
Matt D'Agostini 2 0 2 -2 0 3 0 0 0 0 0/3 17:28 4:20 0:00
Ray Macias 0 0 0 0 0 0 0 0 0 0 0/0 11:01 0:00 0:00
Robin Leblanc 0 0 0 -1 4 2 1 0 0 0 0/1 13:54 0:34 0:00
Samuel Pahlsson 0 1 1 -3 2 7 3 0 1 2 21/36 24:15 4:20 4:57
Scott Parse 0 0 0 0 0 3 1 1 0 0 0/0 11:38 0:00 0:00
Players Stats for Little Stars
Player Name G A P +/- PIM S H SB GA TA FO MP PP MP PK MP
------------------------------------------------------------------------------------
Alexander Vasyunov 0 0 0 0 0 0 0 0 0 0 0/0 0:00 0:00 0:00
Boris Valabik 0 1 1 3 4 3 4 2 1 0 0/0 29:06 6:42 3:43
Cameron Schilling 0 0 0 -1 0 1 3 1 0 0 0/0 23:36 4:19 3:18
Cody Bass 0 0 0 0 0 0 2 0 0 0 0/4 8:37 0:00 0:00
Corey Trivino 0 0 0 0 0 0 0 0 0 0 0/0 0:00 0:00 0:00
Darren Helm 1 2 3 3 0 3 2 1 0 0 4/10 16:21 4:58 0:00
Evgeny Artyukhin 0 0 0 0 0 3 1 2 2 2 6/12 25:13 6:03 4:35
Greg Stewart 0 0 0 0 0 4 3 1 2 0 1/3 25:11 6:03 4:33
Hugh Jessiman 0 0 0 -1 0 4 0 0 0 0 1/1 8:38 0:00 0:00
Ivan Majesky 0 0 0 3 0 2 1 1 0 0 0/0 30:38 6:42 5:08
Jared Spurgeon 0 0 0 -1 4 2 0 1 0 0 0/0 21:58 4:19 1:42
Jim O'Brien 0 0 0 0 0 0 0 0 0 0 0/0 0:00 0:00 0:00
Jimmy Hayes 0 0 0 0 0 0 0 0 0 0 0/0 0:00 0:00 0:00
Jonathan Blum 0 0 0 1 0 0 0 1 0 0 0/0 12:46 0:00 2:43
Marco Sturm 0 0 0 3 0 2 3 0 0 1 0/0 16:53 4:58 0:32
Matt Halischuk 0 0 0 0 0 0 0 0 0 0 0/0 0:00 0:00 0:00
Matt Pelech 0 1 1 1 0 1 2 0 0 0 0/0 10:00 0:00 0:00
Oskar Osala 0 1 1 1 0 1 3 0 0 1 1/2 10:29 0:00 1:17
Patrick O'Sullivan 0 0 0 0 0 2 2 1 2 1 16/32 22:21 6:03 2:33
Pierre Dagenais 3 1 4 3 0 8 6 0 0 1 0/0 19:47 4:58 2:33
Shawn Thornton 1 0 1 0 2 3 4 0 0 0 0/0 8:46 0:00 0:31
T.J. Oshie 0 0 0 0 0 0 1 0 0 0 0/0 9:34 0:00 0:00
Troy Bodie 0 0 0 0 0 0 0 0 0 0 0/0 0:00 0:00 0:00
Tyler Haskins 0 0 0 -1 0 2 0 0 0 0 1/4 7:41 0:00 0:00
3 Stars
1 - Pierre Dagenais (Tex)
2 - Darren Helm (Tex)
3 - Matt D'Agostini (TRO)
Power Play
Thunder - 2 on 5 Attempt(s) - 40,00%
Little Stars - 0 on 6 Attempt(s) - 0,00%
Penalty Kill
Thunder - 6 on 6 Attempt(s) - 100,00%
- Score 0 goal in Penalty Kill
Little Stars - 3 on 5 Attempt(s) - 60,00%
- Score 0 goal in Penalty Kill
Official
Referees : Hasenfratz Mike and Pollock Kevin
Linesman : Shane Heyer and Jay Sharrers
Game Notes
4:32 of 1st period - Little Stars goal is going for a video replay. After video review, Goal.
Pierre Dagenais has scored a Hat Trick!
Jerred Smithson is injured at 4:06 of 2nd period (Lacerated Left Calf)
Finance
Level 1 -- Attendance: 1509 (75,45%) -- Ticket Income 52 815 $
Level 2 -- Attendance: 759 (75,90%) -- Ticket Income 11 385 $
Total Attendance: 2268 (75,60%)
Total Ticket Income: 64 200 $
Other Income: 3 210 $
Total Income: 67 410 $
Thunder
5 vs 5 Forward
Center Left Wing Right Wing Time % Phy DF OF
1 Samuel Pahlsson Jason Blake Matt D'Agostini 40 1 2 2
2 Jerred Smithson Dany Roussin Joey Crabb 30 1 2 2
3 Brandon Mashinter Scott Parse Robin Leblanc 20 1 2 2
4 Daultan Leveillé Daniel Winnik Jannik Hansen 10 1 2 2
5 vs 5 Defense
Defense Defense Time % Phy DF OF
1 Alexei Semenov Doug Janik 40 1 2 2
2 Jeff Finger Derek Peltier 30 1 2 2
3 Ray Macias Brett Festerling 20 1 2 2
4 Alexei Semenov Doug Janik 10 1 2 2
PowerPlay Forward
Center Left Wing Right Wing Time % Phy DF OF
1 Samuel Pahlsson Jason Blake Matt D'Agostini 60 1 2 2
2 Jerred Smithson Dany Roussin Joey Crabb 40 1 2 2
PowerPlay Defense
Defense Defense Time % Phy DF OF
1 Alexei Semenov Doug Janik 60 1 2 2
2 Jeff Finger Derek Peltier 40 1 2 2
Penalty Kill 4 Players Forward
Center Wing Time % Phy DF OF
1 Samuel Pahlsson Dany Roussin 60 1 2 2
2 Jerred Smithson Jason Blake 40 1 2 2
Penalty Kill 4 Players Defense
Defense Defense Time % Phy DF OF
1 Alexei Semenov Doug Janik 60 1 2 2
2 Jeff Finger Derek Peltier 40 1 2 2
Penalty Kill - 3 Players Forward
Forward Time % Phy DF OF
1 Jason Blake 60 1 2 2
2 Samuel Pahlsson 40 1 2 2
Penalty Kill - 3 Players Defense
Defense Defense Time % Phy DF OF
1 Alexei Semenov Doug Janik 60 1 2 2
2 Jeff Finger Derek Peltier 40 1 2 2
4 vs 4 Forward
Center Wing Time % Phy DF OF
1 Samuel Pahlsson Jason Blake 60 1 2 2
2 Jerred Smithson Scott Parse 40 1 2 2
4 vs 4 Defense
Defense Defense Time % Phy DF OF
1 Alexei Semenov Doug Janik 60 1 2 2
2 Jeff Finger Derek Peltier 40 1 2 2
Last Minutes Offensive
Center Left Wing Right Wing Defense Defense
Samuel Pahlsson Jason Blake Matt D'Agostini Alexei Semenov Doug Janik
Last Minutes Defensive
Center Left Wing Right Wing Defense Defense
Samuel Pahlsson Jason Blake Matt D'Agostini Alexei Semenov Doug Janik
Goaltenders
Starting : Barry Brust
Backup : Ben Bishop
Extra Forwards
Normal : Daniel Winnik, Robin Leblanc, Jannik Hansen - PP : Daniel Winnik, Robin Leblanc - PK : Jannik Hansen
Extra Defensemen
Normal : Ray Macias, Brett Festerling, Jeff Finger - PP : Ray Macias - PK : Brett Festerling, Jeff Finger
Penalty Shots
Jason Blake, Samuel Pahlsson, Dany Roussin, Scott Parse, Daniel Winnik
Little Stars
5 vs 5 Forward
Center Left Wing Right Wing Time % Phy DF OF
1 Patrick O'Sullivan Greg Stewart Evgeny Artyukhin 40 1 2 2
2 Darren Helm Marco Sturm Pierre Dagenais 30 1 2 2
3 Cody Bass Oskar Osala T.J. Oshie 20 1 2 2
4 Tyler Haskins Shawn Thornton Hugh Jessiman 10 1 2 2
5 vs 5 Defense
Defense Defense Time % Phy DF OF
1 Ivan Majesky Boris Valabik 40 1 2 2
2 Jared Spurgeon Cameron Schilling 30 1 2 2
3 Matt Pelech Jonathan Blum 20 1 2 2
4 Ivan Majesky Boris Valabik 10 1 2 2
PowerPlay Forward
Center Left Wing Right Wing Time % Phy DF OF
1 Patrick O'Sullivan Greg Stewart Evgeny Artyukhin 60 1 2 2
2 Darren Helm Marco Sturm Pierre Dagenais 40 1 2 2
PowerPlay Defense
Defense Defense Time % Phy DF OF
1 Ivan Majesky Boris Valabik 60 1 2 2
2 Jared Spurgeon Cameron Schilling 40 1 2 2
Penalty Kill 4 Players Forward
Center Wing Time % Phy DF OF
1 Evgeny Artyukhin Greg Stewart 60 1 2 2
2 Patrick O'Sullivan Pierre Dagenais 40 1 2 2
Penalty Kill 4 Players Defense
Defense Defense Time % Phy DF OF
1 Ivan Majesky Boris Valabik 60 1 2 2
2 Jared Spurgeon Cameron Schilling 40 1 2 2
Penalty Kill - 3 Players Forward
Forward Time % Phy DF OF
1 Evgeny Artyukhin 60 1 2 2
2 Greg Stewart 40 1 2 2
Penalty Kill - 3 Players Defense
Defense Defense Time % Phy DF OF
1 Ivan Majesky Boris Valabik 60 1 2 2
2 Jared Spurgeon Cameron Schilling 40 1 2 2
4 vs 4 Forward
Center Wing Time % Phy DF OF
1 Evgeny Artyukhin Greg Stewart 60 1 2 2
2 Patrick O'Sullivan Pierre Dagenais 40 1 2 2
4 vs 4 Defense
Defense Defense Time % Phy DF OF
1 Ivan Majesky Boris Valabik 60 1 2 2
2 Jared Spurgeon Cameron Schilling 40 1 2 2
Last Minutes Offensive
Center Left Wing Right Wing Defense Defense
Patrick O'Sullivan Greg Stewart Evgeny Artyukhin Ivan Majesky Boris Valabik
Last Minutes Defensive
Center Left Wing Right Wing Defense Defense
Patrick O'Sullivan Greg Stewart Evgeny Artyukhin Ivan Majesky Boris Valabik
Goaltenders
Starting : Justin Pogge
Backup : Ben Scrivens
Extra Forwards
Normal : T.J. Oshie, Hugh Jessiman, Oskar Osala - PP : T.J. Oshie, Hugh Jessiman - PK : Oskar Osala
Extra Defensemen
Normal : Matt Pelech, Jonathan Blum, Jared Spurgeon - PP : Matt Pelech - PK : Jonathan Blum, Jared Spurgeon
Penalty Shots
Evgeny Artyukhin, Greg Stewart, Patrick O'Sullivan, Pierre Dagenais, Marco Sturm
% Time on Ice - Thunder
Lines # - Real PCT - Wanted PCT - Time Play
Normal Forward
1 - 33% - 40% - 13:22
2 - 26% - 30% - 10:45
3 - 27% - 20% - 11:06
4 - 13% - 10% - 5:29
Normal Defense
1 - 38% - 40% - 15:18
2 - 33% - 30% - 13:25
3 - 27% - 20% - 11:01
4 - 2% - 10% - 0:58
PP Forward
1 - 52% - 60% - 4:20
2 - 48% - 40% - 3:57
PP Defense
1 - 60% - 60% - 4:59
2 - 40% - 40% - 3:18
PK Forward
1 - 71% - 60% - 7:47
2 - 29% - 40% - 3:14
PK Defense
1 - 61% - 60% - 6:40
2 - 39% - 40% - 4:21
PK3 Forward
1 - 68% - 60% - 0:36
2 - 32% - 40% - 0:17
PK3 Defense
1 - 68% - 60% - 0:36
2 - 32% - 40% - 0:17
44 Forward
1 - 78% - 60% - 2:26
2 - 22% - 40% - 0:40
44 Defense
1 - 53% - 60% - 1:39
2 - 47% - 40% - 1:27
Last Minute Offensive - 0:00
Last Minute Defensive - 0:00
Total
Forward - 63:59
Defense - 63:59
|
% Time on Ice - Little Stars
Lines # - Real PCT - Wanted PCT - Time Play
Normal Forward
1 - 32% - 40% - 13:01
2 - 28% - 30% - 11:23
3 - 21% - 20% - 8:37
4 - 19% - 10% - 7:41
Normal Defense
1 - 38% - 40% - 15:19
2 - 35% - 30% - 14:03
3 - 24% - 20% - 9:57
4 - 3% - 10% - 1:23
PP Forward
1 - 55% - 60% - 6:03
2 - 45% - 40% - 4:58
PP Defense
1 - 61% - 60% - 6:42
2 - 39% - 40% - 4:19
PK Forward
1 - 69% - 60% - 5:44
2 - 31% - 40% - 2:33
PK Defense
1 - 60% - 60% - 4:59
2 - 40% - 40% - 3:18
PK3 Forward
1 - 0% - 60%
2 - 0% - 40%
PK3 Defense
1 - 0% - 60%
2 - 0% - 40%
44 Forward
1 - 78% - 60% - 3:06
2 - 22% - 40% - 0:53
44 Defense
1 - 51% - 60% - 2:03
2 - 49% - 40% - 1:56
Last Minute Offensive - 0:00
Last Minute Defensive - 0:00
Total
Forward - 63:59
Defense - 63:59
|
Play by Play
1st period
0:01 of 1st period - Samuel Pahlsson wins face-off versus Greg Stewart in neutral zone.
0:04 of 1st period - Wrist shot by Jason Blake.
0:04 of 1st period - Deflect By Samuel Pahlsson.
0:04 of 1st period - Shot Blocked by Greg Stewart.
0:04 of 1st period - Puck is out of play.
0:05 of 1st period - Samuel Pahlsson wins face-off versus Patrick O'Sullivan in Little Stars zone.
0:20 of 1st period - Slapshot by Jason Blake.
0:20 of 1st period - Deflect By Samuel Pahlsson.
0:20 of 1st period - Stopped by Justin Pogge without a rebound.
0:21 of 1st period - Jerred Smithson wins face-off versus Darren Helm in Little Stars zone.
0:29 of 1st period - Minor Penalty to Jared Spurgeon for Roughing.
0:30 of 1st period - Samuel Pahlsson wins face-off versus Evgeny Artyukhin in Little Stars zone.
1:50 of 1st period - Derek Peltier is hit by Greg Stewart and loses puck.
2:23 of 1st period - Jerred Smithson is hit by Shawn Thornton and loses puck.
2:29 of 1st period - Penalty to Jared Spurgeon is over, Jared Spurgeon is back on ice.
2:42 of 1st period - Wrist shot by T.J. Oshie.
2:42 of 1st period - Shot Blocked by Scott Parse.
2:48 of 1st period - Jonathan Blum is hit by Brandon Mashinter and loses puck.
3:06 of 1st period - Snap shot by Hugh Jessiman.
3:06 of 1st period - Stopped by Barry Brust with a rebound.
3:08 of 1st period - Slapshot by Matt Pelech.
3:08 of 1st period - Stopped by Barry Brust without a rebound.
3:09 of 1st period - Brandon Mashinter wins face-off versus Darren Helm in Thunder zone.
3:09 of 1st period - Brandon Mashinter is hit by Pierre Dagenais.
3:22 of 1st period - Slapshot by Pierre Dagenais.
3:22 of 1st period - Stopped by Barry Brust with a rebound.
3:24 of 1st period - Wrist shot by Pierre Dagenais.
3:24 of 1st period - Shot Misses the Net.
3:36 of 1st period - Snap shot by Jason Blake.
3:36 of 1st period - Shot Misses the Net.
4:12 of 1st period - Snap shot by Hugh Jessiman.
4:12 of 1st period - Shot Misses the Net.
4:28 of 1st period - Wrist shot by Darren Helm.
4:28 of 1st period - Shot Blocked by Jeff Finger.
4:30 of 1st period - Wrist shot by Pierre Dagenais.
4:30 of 1st period - Stopped by Barry Brust with a rebound.
4:32 of 1st period - Snap shot by Pierre Dagenais.
4:32 of 1st period - Little Stars goal is going for a video replay.
4:32 of 1st period - The goal is good.
4:32 of 1st period - Goal by Pierre Dagenais - Thunder : 0 - Little Stars : 1.
4:33 of 1st period - Jerred Smithson wins face-off versus Patrick O'Sullivan in neutral zone.
4:38 of 1st period - Snap shot by Dany Roussin.
4:38 of 1st period - Stopped by Justin Pogge without a rebound.
4:39 of 1st period - Evgeny Artyukhin wins face-off versus Jerred Smithson in Little Stars zone.
5:10 of 1st period - Slapshot by Scott Parse.
5:10 of 1st period - Stopped by Justin Pogge without a rebound.
5:11 of 1st period - Patrick O'Sullivan wins face-off versus Samuel Pahlsson in Little Stars zone.
5:18 of 1st period - Snap shot by Patrick O'Sullivan.
5:18 of 1st period - Stopped by Barry Brust without a rebound.
5:19 of 1st period - Samuel Pahlsson wins face-off versus Patrick O'Sullivan in Thunder zone.
5:26 of 1st period - Snap shot by Evgeny Artyukhin.
5:26 of 1st period - Deflect By Patrick O'Sullivan.
5:26 of 1st period - Shot Misses the Net.
5:26 of 1st period - Puck is out of play.
5:27 of 1st period - Jerred Smithson wins face-off versus Oskar Osala in Thunder zone.
5:27 of 1st period - Jerred Smithson is hit by Cody Bass.
5:53 of 1st period - Boris Valabik is hit by Doug Janik and loses puck.
6:22 of 1st period - Slapshot by Hugh Jessiman.
6:22 of 1st period - Shot Misses the Net.
6:49 of 1st period - Greg Stewart is hit by Brandon Mashinter and loses puck.
6:55 of 1st period - Off-side.
6:56 of 1st period - Jerred Smithson wins face-off versus Darren Helm in neutral zone.
7:09 of 1st period - Snap shot by Pierre Dagenais.
7:09 of 1st period - Goal by Pierre Dagenais - Thunder : 0 - Little Stars : 2.
7:10 of 1st period - Patrick O'Sullivan wins face-off versus Jerred Smithson in neutral zone.
7:56 of 1st period - Ray Macias is hit by Pierre Dagenais.
8:20 of 1st period - Minor Penalty to Robin Leblanc for Hooking.
8:21 of 1st period - Samuel Pahlsson wins face-off versus Patrick O'Sullivan in Thunder zone.
8:35 of 1st period - Snap shot by Greg Stewart.
8:35 of 1st period - Shot Misses the Net.
8:37 of 1st period - Slapshot by Greg Stewart.
8:37 of 1st period - Stopped by Barry Brust with a rebound.
8:47 of 1st period - Samuel Pahlsson is hit by Darren Helm and loses puck.
10:20 of 1st period - Penalty to Robin Leblanc is over, Robin Leblanc is back on ice.
10:37 of 1st period - Snap shot by Scott Parse.
10:37 of 1st period - Shot Misses the Net.
10:49 of 1st period - Snap shot by Hugh Jessiman.
10:49 of 1st period - Shot Misses the Net.
10:51 of 1st period - Wrist shot by Hugh Jessiman.
10:51 of 1st period - Stopped by Barry Brust without a rebound.
10:52 of 1st period - Tyler Haskins wins face-off versus Daultan Leveillé in Thunder zone.
11:16 of 1st period - Icing by Samuel Pahlsson.
11:17 of 1st period - Brandon Mashinter wins face-off versus Cody Bass in Thunder zone.
11:21 of 1st period - Off-side.
11:22 of 1st period - Patrick O'Sullivan wins face-off versus Brandon Mashinter in neutral zone.
13:06 of 1st period - Joey Crabb is hit by Marco Sturm and loses puck.
13:15 of 1st period - Snap shot by Dany Roussin.
13:15 of 1st period - Goal by Dany Roussin - Thunder : 1 - Little Stars : 2.
13:16 of 1st period - Samuel Pahlsson wins face-off versus Patrick O'Sullivan in neutral zone.
13:19 of 1st period - Snap shot by Samuel Pahlsson.
13:19 of 1st period - Stopped by Justin Pogge without a rebound.
13:20 of 1st period - Patrick O'Sullivan wins face-off versus Samuel Pahlsson in Little Stars zone.
13:44 of 1st period - Off-side.
13:45 of 1st period - Jerred Smithson wins face-off versus Darren Helm in neutral zone.
14:00 of 1st period - Snap shot by Pierre Dagenais.
14:00 of 1st period - Goal by Pierre Dagenais - Thunder : 1 - Little Stars : 3.
14:01 of 1st period - Patrick O'Sullivan wins face-off versus Samuel Pahlsson in neutral zone.
14:05 of 1st period - Minor Penalty to Alexei Semenov for Hooking.
14:06 of 1st period - Samuel Pahlsson wins face-off versus Patrick O'Sullivan in Thunder zone.
14:13 of 1st period - Slapshot by Samuel Pahlsson.
14:13 of 1st period - Shot Misses the Net.
14:31 of 1st period - Brett Festerling is hit by Darren Helm and loses puck.
15:08 of 1st period - Pierre Dagenais is hit by Jeff Finger and loses puck.
15:50 of 1st period - Snap shot by Jerred Smithson.
15:50 of 1st period - Deflect By Daniel Winnik.
15:50 of 1st period - Shot Misses the Net.
15:50 of 1st period - Puck is out of play.
15:51 of 1st period - Jerred Smithson wins face-off versus Greg Stewart in Little Stars zone.
16:05 of 1st period - Penalty to Alexei Semenov is over, Alexei Semenov is back on ice.
16:22 of 1st period - Jeff Finger is hit by Boris Valabik and loses puck.
16:37 of 1st period - Slapshot by Boris Valabik.
16:37 of 1st period - Deflect By Tyler Haskins.
16:37 of 1st period - Stopped by Barry Brust without a rebound.
16:38 of 1st period - Daultan Leveillé wins face-off versus Tyler Haskins in Thunder zone.
17:02 of 1st period - Daniel Winnik is hit by Shawn Thornton and loses puck.
17:23 of 1st period - Snap shot by Daniel Winnik.
17:23 of 1st period - Goal by Daniel Winnik - Thunder : 2 - Little Stars : 3.
17:24 of 1st period - Patrick O'Sullivan wins face-off versus Samuel Pahlsson in neutral zone.
18:22 of 1st period - Slapshot by Boris Valabik.
18:22 of 1st period - Stopped by Barry Brust with a rebound.
18:24 of 1st period - Slapshot by Boris Valabik.
18:24 of 1st period - Deflect By Scott Parse.
18:24 of 1st period - Stopped by Barry Brust with a rebound.
18:45 of 1st period - Icing by Jannik Hansen.
18:46 of 1st period - Patrick O'Sullivan wins face-off versus Daultan Leveillé in Thunder zone.
18:47 of 1st period - Wrist shot by Greg Stewart.
18:47 of 1st period - Stopped by Barry Brust with a rebound.
18:59 of 1st period - Snap shot by Evgeny Artyukhin.
18:59 of 1st period - Stopped by Barry Brust without a rebound.
19:00 of 1st period - Patrick O'Sullivan wins face-off versus Samuel Pahlsson in Thunder zone.
19:01 of 1st period - Wrist shot by Evgeny Artyukhin.
19:01 of 1st period - Stopped by Barry Brust without a rebound.
19:02 of 1st period - Samuel Pahlsson wins face-off versus Patrick O'Sullivan in Thunder zone.
19:11 of 1st period - Evgeny Artyukhin is hit by Samuel Pahlsson and loses puck.
Goals for this period are 2 for Thunder vs 3 for Little Stars.
Shots for this period are 6 for Thunder vs 16 for Little Stars.
2nd period
0:01 of 2nd period - Samuel Pahlsson wins face-off versus Patrick O'Sullivan in neutral zone.
0:26 of 2nd period - Boris Valabik is hit by Dany Roussin and loses puck.
0:33 of 2nd period - Snap shot by Joey Crabb.
0:33 of 2nd period - Stopped by Justin Pogge with a rebound.
0:52 of 2nd period - Scott Parse is hit by Boris Valabik.
1:29 of 2nd period - Cameron Schilling is hit by Jason Blake and loses puck.
1:50 of 2nd period - Backhand shot by Joey Crabb.
1:50 of 2nd period - Shot Blocked by Darren Helm.
1:52 of 2nd period - Slapshot by Doug Janik.
1:52 of 2nd period - Stopped by Justin Pogge with a rebound.
1:56 of 2nd period - Snap shot by Jerred Smithson.
1:56 of 2nd period - Shot Misses the Net.
1:58 of 2nd period - Slapshot by Joey Crabb.
1:58 of 2nd period - Stopped by Justin Pogge with a rebound.
2:00 of 2nd period - Snap shot by Derek Peltier.
2:00 of 2nd period - Shot Misses the Net.
2:10 of 2nd period - Jared Spurgeon is hit by Scott Parse and loses puck.
2:15 of 2nd period - Wrist shot by Scott Parse.
2:15 of 2nd period - Stopped by Justin Pogge without a rebound.
2:16 of 2nd period - Brandon Mashinter wins face-off versus Patrick O'Sullivan in Little Stars zone.
2:28 of 2nd period - Snap shot by Scott Parse.
2:28 of 2nd period - Stopped by Justin Pogge without a rebound.
2:29 of 2nd period - Patrick O'Sullivan wins face-off versus Samuel Pahlsson in Little Stars zone.
2:29 of 2nd period - Patrick O'Sullivan is hit by Samuel Pahlsson.
2:54 of 2nd period - Alexei Semenov is hit by Pierre Dagenais and loses puck.
3:14 of 2nd period - Off-side.
3:15 of 2nd period - Brandon Mashinter wins face-off versus Cody Bass in neutral zone.
3:15 of 2nd period - Brandon Mashinter is hit by Oskar Osala.
3:18 of 2nd period - Alexei Semenov is hit by Oskar Osala and loses puck.
3:41 of 2nd period - Boris Valabik is hit by Samuel Pahlsson.
4:05 of 2nd period - Jerred Smithson is hit by Shawn Thornton and loses puck.
4:06 of 2nd period - Jerred Smithson from Thunder is injured at 4:06 of 2nd period (Lacerated Left Calf).
4:07 of 2nd period - Evgeny Artyukhin wins face-off versus Samuel Pahlsson in Thunder zone.
4:08 of 2nd period - Wrist shot by Greg Stewart.
4:08 of 2nd period - Shot Misses the Net.
4:20 of 2nd period - Alexei Semenov is hit by Boris Valabik and loses puck.
4:42 of 2nd period - Snap shot by Evgeny Artyukhin.
4:42 of 2nd period - Stopped by Barry Brust without a rebound.
4:43 of 2nd period - Darren Helm wins face-off versus Robin Leblanc in Thunder zone.
4:50 of 2nd period - Wrist shot by Pierre Dagenais.
4:50 of 2nd period - Deflect By Marco Sturm.
4:50 of 2nd period - Stopped by Barry Brust with a rebound.
4:55 of 2nd period - Minor Penalty to Brandon Mashinter for Holding.
4:56 of 2nd period - Samuel Pahlsson wins face-off versus Patrick O'Sullivan in Thunder zone.
5:43 of 2nd period - Evgeny Artyukhin is hit by Dany Roussin and loses puck.
6:08 of 2nd period - Dany Roussin is hit by Marco Sturm and loses puck.
6:55 of 2nd period - Penalty to Brandon Mashinter is over, Brandon Mashinter is back on ice.
7:36 of 2nd period - Icing by Jason Blake.
7:37 of 2nd period - Brandon Mashinter wins face-off versus Tyler Haskins in Thunder zone.
7:37 of 2nd period - Brandon Mashinter is hit by Matt Pelech.
8:07 of 2nd period - Slapshot by Derek Peltier.
8:07 of 2nd period - Deflect By Shawn Thornton.
8:07 of 2nd period - Stopped by Justin Pogge with a rebound.
8:23 of 2nd period - Wrist shot by Tyler Haskins.
8:23 of 2nd period - Deflect By Jeff Finger.
8:23 of 2nd period - Shot Misses the Net.
8:23 of 2nd period - Puck is out of play.
8:24 of 2nd period - Patrick O'Sullivan wins face-off versus Samuel Pahlsson in Thunder zone.
8:27 of 2nd period - Snap shot by Evgeny Artyukhin.
8:27 of 2nd period - Shot Blocked by Alexei Semenov.
8:29 of 2nd period - Wrist shot by Greg Stewart.
8:29 of 2nd period - Stopped by Barry Brust with a rebound.
8:31 of 2nd period - Slapshot by Cameron Schilling.
8:31 of 2nd period - Shot Misses the Net.
8:33 of 2nd period - Snap shot by Patrick O'Sullivan.
8:33 of 2nd period - Shot Misses the Net.
8:49 of 2nd period - Darren Helm is hit by Alexei Semenov and loses puck.
8:58 of 2nd period - Snap shot by Dany Roussin.
8:58 of 2nd period - Stopped by Justin Pogge with a rebound.
9:00 of 2nd period - Wrist shot by Daniel Winnik.
9:00 of 2nd period - Shot Misses the Net.
9:06 of 2nd period - Minor Penalty to Jared Spurgeon for Hooking.
9:07 of 2nd period - Evgeny Artyukhin wins face-off versus Samuel Pahlsson in Little Stars zone.
9:16 of 2nd period - Slapshot by Doug Janik.
9:16 of 2nd period - Stopped by Justin Pogge with a rebound.
9:18 of 2nd period - Snap shot by Jason Blake.
9:18 of 2nd period - Shot Blocked by Boris Valabik.
9:20 of 2nd period - Slapshot by Samuel Pahlsson.
9:20 of 2nd period - Stopped by Justin Pogge with a rebound.
9:22 of 2nd period - Wrist shot by Matt D'Agostini.
9:22 of 2nd period - Stopped by Justin Pogge without a rebound.
9:23 of 2nd period - Evgeny Artyukhin wins face-off versus Matt D'Agostini in Little Stars zone.
10:06 of 2nd period - Alexei Semenov is hit by Pierre Dagenais and loses puck.
10:11 of 2nd period - Snap shot by Pierre Dagenais.
10:11 of 2nd period - Stopped by Barry Brust with a rebound.
10:13 of 2nd period - Slapshot by Ivan Majesky.
10:13 of 2nd period - Stopped by Barry Brust with a rebound.
10:15 of 2nd period - Slapshot by Ivan Majesky.
10:15 of 2nd period - Stopped by Barry Brust with a rebound.
10:39 of 2nd period - Slapshot by Doug Janik.
10:39 of 2nd period - Stopped by Justin Pogge with a rebound.
10:53 of 2nd period - Daniel Winnik is hit by Cameron Schilling and loses puck.
11:06 of 2nd period - Penalty to Jared Spurgeon is over, Jared Spurgeon is back on ice.
11:12 of 2nd period - Robin Leblanc is hit by Matt Pelech and loses puck.
12:02 of 2nd period - T.J. Oshie is hit by Robin Leblanc and loses puck.
12:27 of 2nd period - Samuel Pahlsson is hit by Patrick O'Sullivan and loses puck.
12:44 of 2nd period - Wrist shot by Pierre Dagenais.
12:44 of 2nd period - Stopped by Barry Brust with a rebound.
12:46 of 2nd period - Wrist shot by Darren Helm.
12:46 of 2nd period - Stopped by Barry Brust with a rebound.
13:13 of 2nd period - Hugh Jessiman is hit by Brett Festerling and loses puck.
13:34 of 2nd period - Samuel Pahlsson is hit by Cameron Schilling and loses puck.
14:04 of 2nd period - Icing by Derek Peltier.
14:05 of 2nd period - Greg Stewart wins face-off versus Brandon Mashinter in Thunder zone.
14:10 of 2nd period - Snap shot by Greg Stewart.
14:10 of 2nd period - Shot Misses the Net.
14:12 of 2nd period - Snap shot by Greg Stewart.
14:12 of 2nd period - Shot Blocked by Doug Janik.
14:14 of 2nd period - Slapshot by Cameron Schilling.
14:14 of 2nd period - Stopped by Barry Brust with a rebound.
14:26 of 2nd period - Samuel Pahlsson is hit by Marco Sturm.
14:30 of 2nd period - Slapshot by Darren Helm.
14:30 of 2nd period - Shot Misses the Net.
14:32 of 2nd period - Slapshot by Darren Helm.
14:32 of 2nd period - Goal by Darren Helm - Thunder : 2 - Little Stars : 4.
14:33 of 2nd period - Patrick O'Sullivan wins face-off versus Matt D'Agostini in neutral zone.
14:48 of 2nd period - Snap shot by Jason Blake.
14:48 of 2nd period - Shot Blocked by Patrick O'Sullivan.
14:54 of 2nd period - Double Minor Penalty to Boris Valabik for Slashing.
14:55 of 2nd period - Evgeny Artyukhin wins face-off versus Samuel Pahlsson in Little Stars zone.
16:04 of 2nd period - Slapshot by Doug Janik.
16:04 of 2nd period - Shot Blocked by Jared Spurgeon.
16:06 of 2nd period - Snap shot by Dany Roussin.
16:06 of 2nd period - Stopped by Justin Pogge without a rebound.
16:07 of 2nd period - Evgeny Artyukhin wins face-off versus Samuel Pahlsson in Little Stars zone.
16:18 of 2nd period - Wrist shot by Jason Blake.
16:18 of 2nd period - Shot Blocked by Jonathan Blum.
16:20 of 2nd period - Snap shot by Jason Blake.
16:20 of 2nd period - Shot Misses the Net.
16:22 of 2nd period - Snap shot by Samuel Pahlsson.
16:22 of 2nd period - Deflect By Matt D'Agostini.
16:22 of 2nd period - Goal by Matt D'Agostini - Thunder : 3 - Little Stars : 4.
16:23 of 2nd period - Samuel Pahlsson wins face-off versus Evgeny Artyukhin in neutral zone.
16:32 of 2nd period - Wrist shot by Jason Blake.
16:32 of 2nd period - Shot Blocked by Ivan Majesky.
16:34 of 2nd period - Slapshot by Derek Peltier.
16:34 of 2nd period - Deflect By Samuel Pahlsson.
16:34 of 2nd period - Stopped by Justin Pogge with a rebound.
16:36 of 2nd period - Snap shot by Samuel Pahlsson.
16:36 of 2nd period - Stopped by Justin Pogge with a rebound.
16:38 of 2nd period - Slapshot by Jeff Finger.
16:38 of 2nd period - Shot Misses the Net.
16:52 of 2nd period - Slapshot by Jeff Finger.
16:52 of 2nd period - Stopped by Justin Pogge with a rebound.
16:56 of 2nd period - Wrist shot by Daniel Winnik.
16:56 of 2nd period - Stopped by Justin Pogge without a rebound.
16:57 of 2nd period - Samuel Pahlsson wins face-off versus Patrick O'Sullivan in Little Stars zone.
17:00 of 2nd period - Snap shot by Samuel Pahlsson.
17:00 of 2nd period - Stopped by Justin Pogge without a rebound.
17:01 of 2nd period - Samuel Pahlsson wins face-off versus Evgeny Artyukhin in Little Stars zone.
17:06 of 2nd period - Snap shot by Jason Blake.
17:06 of 2nd period - Stopped by Justin Pogge with a rebound.
17:08 of 2nd period - Slapshot by Doug Janik.
17:08 of 2nd period - Deflect By Samuel Pahlsson.
17:08 of 2nd period - Stopped by Justin Pogge with a rebound.
17:10 of 2nd period - Slapshot by Alexei Semenov.
17:10 of 2nd period - Shot Blocked by Cameron Schilling.
17:12 of 2nd period - Slapshot by Doug Janik.
17:12 of 2nd period - Shot Blocked by Evgeny Artyukhin.
17:14 of 2nd period - Snap shot by Matt D'Agostini.
17:14 of 2nd period - Goal by Matt D'Agostini - Thunder : 4 - Little Stars : 4.
17:15 of 2nd period - Samuel Pahlsson wins face-off versus Patrick O'Sullivan in neutral zone.
17:42 of 2nd period - Daniel Winnik is hit by Pierre Dagenais and loses puck.
18:24 of 2nd period - Snap shot by Greg Stewart.
18:24 of 2nd period - Stopped by Barry Brust with a rebound.
Goals for this period are 2 for Thunder vs 1 for Little Stars.
Shots for this period are 21 for Thunder vs 11 for Little Stars.
3rd period
0:01 of 3rd period - Samuel Pahlsson wins face-off versus Patrick O'Sullivan in neutral zone.
0:08 of 3rd period - Wrist shot by Samuel Pahlsson.
0:08 of 3rd period - Shot Blocked by Boris Valabik.
1:06 of 3rd period - Off-side.
1:07 of 3rd period - Samuel Pahlsson wins face-off versus Darren Helm in neutral zone.
1:20 of 3rd period - Snap shot by Matt D'Agostini.
1:20 of 3rd period - Shot Misses the Net.
1:43 of 3rd period - Joey Crabb is hit by Cody Bass and loses puck.
2:24 of 3rd period - Wrist shot by Marco Sturm.
2:24 of 3rd period - Shot Misses the Net.
2:34 of 3rd period - Snap shot by Daniel Winnik.
2:34 of 3rd period - Deflect By Matt Pelech.
2:34 of 3rd period - Shot Misses the Net.
2:34 of 3rd period - Puck is out of play.
2:35 of 3rd period - Daultan Leveillé wins face-off versus Cody Bass in Little Stars zone.
2:44 of 3rd period - Snap shot by Oskar Osala.
2:44 of 3rd period - Stopped by Barry Brust with a rebound.
3:08 of 3rd period - Slapshot by Dany Roussin.
3:08 of 3rd period - Shot Blocked by Evgeny Artyukhin.
3:10 of 3rd period - Slapshot by Dany Roussin.
3:10 of 3rd period - Shot Misses the Net.
3:20 of 3rd period - Jeff Finger is hit by Ivan Majesky and loses puck.
3:31 of 3rd period - Snap shot by Pierre Dagenais.
3:31 of 3rd period - Stopped by Barry Brust with a rebound.
3:43 of 3rd period - Wrist shot by Hugh Jessiman.
3:43 of 3rd period - Stopped by Barry Brust with a rebound.
3:45 of 3rd period - Slapshot by Jared Spurgeon.
3:45 of 3rd period - Shot Blocked by Jeff Finger.
3:47 of 3rd period - Snap shot by Shawn Thornton.
3:47 of 3rd period - Stopped by Barry Brust with a rebound.
3:49 of 3rd period - Backhand shot by Jared Spurgeon.
3:49 of 3rd period - Shot Blocked by Brandon Mashinter.
3:51 of 3rd period - Slapshot by Jared Spurgeon.
3:51 of 3rd period - Stopped by Barry Brust without a rebound.
3:52 of 3rd period - Daniel Winnik wins face-off versus Patrick O'Sullivan in Thunder zone.
4:50 of 3rd period - Snap shot by Robin Leblanc.
4:50 of 3rd period - Stopped by Justin Pogge without a rebound.
4:51 of 3rd period - Patrick O'Sullivan wins face-off versus Daniel Winnik in Little Stars zone.
4:51 of 3rd period - Patrick O'Sullivan is hit by Dany Roussin.
4:57 of 3rd period - Daniel Winnik is hit by Patrick O'Sullivan and loses puck.
5:02 of 3rd period - Snap shot by Patrick O'Sullivan.
5:02 of 3rd period - Shot Misses the Net.
5:04 of 3rd period - Slapshot by Boris Valabik.
5:04 of 3rd period - Shot Misses the Net.
6:18 of 3rd period - Snap shot by Greg Stewart.
6:18 of 3rd period - Shot Blocked by Derek Peltier.
6:20 of 3rd period - Slapshot by Patrick O'Sullivan.
6:20 of 3rd period - Stopped by Barry Brust with a rebound.
6:22 of 3rd period - Slapshot by Jared Spurgeon.
6:22 of 3rd period - Stopped by Barry Brust without a rebound.
6:23 of 3rd period - Darren Helm wins face-off versus Matt D'Agostini in Thunder zone.
6:36 of 3rd period - Snap shot by Pierre Dagenais.
6:36 of 3rd period - Shot Misses the Net.
6:38 of 3rd period - Snap shot by Darren Helm.
6:38 of 3rd period - Stopped by Barry Brust with a rebound.
6:44 of 3rd period - Minor Penalty to Samuel Pahlsson for Hooking.
6:45 of 3rd period - Jannik Hansen wins face-off versus Patrick O'Sullivan in Thunder zone.
8:39 of 3rd period - Derek Peltier is hit by Pierre Dagenais and loses puck.
8:44 of 3rd period - Penalty to Samuel Pahlsson is over, Samuel Pahlsson is back on ice.
8:47 of 3rd period - Icing by Darren Helm.
8:48 of 3rd period - Darren Helm wins face-off versus Samuel Pahlsson in Little Stars zone.
9:27 of 3rd period - Backhand shot by Dany Roussin.
9:27 of 3rd period - Stopped by Justin Pogge without a rebound.
9:28 of 3rd period - Patrick O'Sullivan wins face-off versus Samuel Pahlsson in Little Stars zone.
9:37 of 3rd period - Slapshot by Greg Stewart.
9:37 of 3rd period - Shot Misses the Net.
9:53 of 3rd period - Dany Roussin is hit by Boris Valabik and loses puck.
10:16 of 3rd period - Snap shot by Tyler Haskins.
10:16 of 3rd period - Stopped by Barry Brust without a rebound.
10:17 of 3rd period - Samuel Pahlsson wins face-off versus Tyler Haskins in Thunder zone.
10:17 of 3rd period - Samuel Pahlsson is hit by Shawn Thornton.
10:26 of 3rd period - Minor Penalty to Shawn Thornton for Holding.
10:27 of 3rd period - Samuel Pahlsson wins face-off versus Evgeny Artyukhin in Little Stars zone.
11:55 of 3rd period - Robin Leblanc is hit by Cameron Schilling and loses puck.
12:26 of 3rd period - Penalty to Shawn Thornton is over, Shawn Thornton is back on ice.
13:24 of 3rd period - Ray Macias is hit by Evgeny Artyukhin and loses puck.
13:35 of 3rd period - Minor Penalty to Robin Leblanc for Hooking.
13:36 of 3rd period - Samuel Pahlsson wins face-off versus Evgeny Artyukhin in Thunder zone.
13:42 of 3rd period - Icing by Evgeny Artyukhin.
13:43 of 3rd period - Patrick O'Sullivan wins face-off versus Samuel Pahlsson in Little Stars zone.
14:14 of 3rd period - Snap shot by Pierre Dagenais.
14:14 of 3rd period - Shot Misses the Net.
14:16 of 3rd period - Slapshot by Pierre Dagenais.
14:16 of 3rd period - Shot Misses the Net.
14:18 of 3rd period - Wrist shot by Marco Sturm.
14:18 of 3rd period - Stopped by Barry Brust with a rebound.
14:44 of 3rd period - Dany Roussin is hit by Greg Stewart and loses puck.
15:07 of 3rd period - Boris Valabik is hit by Jason Blake and loses puck.
15:28 of 3rd period - Evgeny Artyukhin is hit by Daniel Winnik and loses puck.
15:35 of 3rd period - Penalty to Robin Leblanc is over, Robin Leblanc is back on ice.
16:02 of 3rd period - Snap shot by Tyler Haskins.
16:02 of 3rd period - Shot Misses the Net.
16:04 of 3rd period - Snap shot by Shawn Thornton.
16:04 of 3rd period - Stopped by Barry Brust without a rebound.
16:05 of 3rd period - Hugh Jessiman wins face-off versus Jannik Hansen in Thunder zone.
16:10 of 3rd period - Slapshot by Hugh Jessiman.
16:10 of 3rd period - Stopped by Barry Brust without a rebound.
16:11 of 3rd period - Samuel Pahlsson wins face-off versus Cody Bass in Thunder zone.
16:11 of 3rd period - Samuel Pahlsson is hit by T.J. Oshie.
16:27 of 3rd period - Snap shot by Jason Blake.
16:27 of 3rd period - Stopped by Justin Pogge with a rebound.
16:33 of 3rd period - Jason Blake is hit by Oskar Osala and loses puck.
16:44 of 3rd period - Wrist shot by Jason Blake.
16:44 of 3rd period - Shot Misses the Net.
16:46 of 3rd period - Slapshot by Derek Peltier.
16:46 of 3rd period - Deflect By Ivan Majesky.
16:46 of 3rd period - Stopped by Justin Pogge with a rebound.
16:48 of 3rd period - Wrist shot by Brandon Mashinter.
16:48 of 3rd period - Stopped by Justin Pogge with a rebound.
16:50 of 3rd period - Snap shot by Robin Leblanc.
16:50 of 3rd period - Stopped by Justin Pogge without a rebound.
16:51 of 3rd period - Patrick O'Sullivan wins face-off versus Brandon Mashinter in Little Stars zone.
17:19 of 3rd period - Slapshot by Marco Sturm.
17:19 of 3rd period - Shot Misses the Net.
18:23 of 3rd period - Off-side.
18:24 of 3rd period - Darren Helm wins face-off versus Brandon Mashinter in neutral zone.
18:50 of 3rd period - Icing by Pierre Dagenais.
18:51 of 3rd period - Daniel Winnik wins face-off versus Darren Helm in Little Stars zone.
18:53 of 3rd period - Minor Penalty to Daniel Winnik for Hooking.
18:54 of 3rd period - Patrick O'Sullivan wins face-off versus Samuel Pahlsson in Thunder zone.
18:55 of 3rd period - Wrist shot by Greg Stewart.
18:55 of 3rd period - Shot Misses the Net.
18:57 of 3rd period - Slapshot by Evgeny Artyukhin.
18:57 of 3rd period - Shot Blocked by Alexei Semenov.
18:59 of 3rd period - Slapshot by Boris Valabik.
18:59 of 3rd period - Stopped by Barry Brust without a rebound.
19:00 of 3rd period - Samuel Pahlsson wins face-off versus Patrick O'Sullivan in Thunder zone.
19:00 of 3rd period - Samuel Pahlsson is hit by Greg Stewart.
Goals for this period are 0 for Thunder vs 0 for Little Stars.
Shots for this period are 6 for Thunder vs 13 for Little Stars.
Overtime #1
0:01 of 1st overtime period - Jason Blake wins face-off versus Evgeny Artyukhin in neutral zone.
0:06 of 1st overtime period - Slapshot by Jason Blake.
0:06 of 1st overtime period - Shot Misses the Net.
0:42 of 1st overtime period - Snap shot by Samuel Pahlsson.
0:42 of 1st overtime period - Shot Misses the Net.
0:53 of 1st overtime period - Penalty to Daniel Winnik is over, Daniel Winnik is back on ice.
1:38 of 1st overtime period - Icing by Evgeny Artyukhin.
1:39 of 1st overtime period - Oskar Osala wins face-off versus Daniel Winnik in Little Stars zone.
2:19 of 1st overtime period - Pierre Dagenais is hit by Daniel Winnik and loses puck.
3:06 of 1st overtime period - Jared Spurgeon is hit by Alexei Semenov and loses puck.
3:59 of 1st overtime period - Wrist shot by Oskar Osala.
3:59 of 1st overtime period - Deflect By Shawn Thornton.
3:59 of 1st overtime period - Goal by Shawn Thornton - Thunder : 4 - Little Stars : 5.
Goals for this period are 0 for Thunder vs 1 for Little Stars.
Shots for this period are 0 for Thunder vs 1 for Little Stars.
Output by the SimonT Hockey Simulator (STHS) for François Prévost -- Original Page W3C XHTML 1.0 Valid